 Dungeon Crawl Stone Soup version 0.17-a0-1914-gde4187c (webtiles) character file.

63 Goblin1989 the Cudgeler (level 4, -6/26 HPs)
             Began as a Gargoyle Gladiator on Sept 26, 2015.
             Was an Initiate of Makhleb.
             Mangled by Sigmund
             ... wielding a +2 scythe of venom
              (8 damage)
             ... on level 2 of the Dungeon.
             The game lasted 00:04:20 (1430 turns).

Goblin1989 the Cudgeler (Gargoyle Gladiator)        Turns: 1430, Time: 00:04:20

Health: -6/26      AC:  7    Str: 23    XL:     4   Next: 9%
Magic:  4/4        EV: 12    Int:  9    God:    Makhleb [......]
Gold:   83         SH:  0    Dex: 11    Spells: 0 memorised, 3 levels left

rFire  . . .     SeeInvis .     a - +0 flail
rCold  . . .     Clarity  .     b - +0 leather armour
rNeg   + . .     SustAt   .     (no shield)
rPois  ∞         Gourm    .     c - +0 helmet
rElec  +         Spirit   .     (no cloak)
rCorr  .         Warding  .     (no gloves)
rMut   .         Stasis   .     (no boots)
MR     .....                    (no amulet)
Stlth  +.........               (no ring)
                                (no ring)

@: confused, mighty, slowed, very slow, not resistant to hostile enchantments,
very unstealthy
A: negative energy resistance 1, electricity resistance, unbreathing,
petrification resistance, rot immunity, AC +3
a: Renounce Religion


You were on level 2 of the Dungeon.
You worshipped Makhleb.
Makhleb was noncommittal.
You were not hungry.

You visited 1 branch of the dungeon, and saw 2 of its levels.

You collected 83 gold pieces.

Inventory:

Hand weapons
 a - a +0 flail (weapon)
Missiles
 d - 3 throwing nets (quivered)
Armour
 b - a +0 leather armour (worn)
 c - a +0 helmet (worn)
Jewellery
 h - a cursed amulet of inaccuracy {unknown}
 s - an uncursed ring of poison resistance {unknown}
Scrolls
 g - a scroll of identify {unknown}
 i - a scroll of fog {unknown}
 j - a scroll of enchant weapon {unknown}
 k - a scroll of random uselessness {unknown}
 l - 2 scrolls of remove curse {unknown}
 q - a scroll of noise {unknown}
 r - a scroll of blinking {unknown}
Potions
 m - a potion of might
 o - 4 potions of curing {unknown}
 p - a potion of mutation {unknown}
Comestibles
 e - a bread ration
 n - 2 meat rations


   Skills:
 - Level 2.1 Fighting
 + Level 4.8 Maces & Flails
 - Level 2.0 Throwing
 - Level 2.4 Dodging


You had 3 spell levels left.
You didn't know any spells.

Dungeon Overview and Level Annotations

Branches:
Dungeon (2/15)

Altars:
Makhleb

Annotations:
D:2 Jessica, Sigmund


Innate Abilities, Weirdness & Mutations

You are resistant to torment.
Your stone body is resilient (AC +3).
You are immune to poison.
You resist negative energy.
You are resistant to electric shocks.
You can survive without breathing.
You are immune to petrification.
You are immune to rotting.


Message History

Jessica hits you but does no damage. Something hits you but does no damage.
Jessica misses you.
You bump into the rock wall.
Jessica closely misses you. Something hits you!
* * * LOW HITPOINT WARNING * * *
Drink which item? (? for menu, Esc to quit)
It was a potion of might.
You feel very mighty all of a sudden. Jessica closely misses you.
You hear a zap.
You feel as though you will be slow longer.
Jessica closely misses you.
You bump into the rock wall.
You feel less confused.
You hear some strange, mumbled words.
You are confused.
Jessica hits you but does no damage.
You hear some strange, mumbled words.
Something tries to affect you, but you resist.
Something hits you!
You die...

..##....(....#.#.....#
.........@...........#
.
.###..).......#.....#
. ##...............# .
###.g(.###.......# .
..##....### #.#....##
.
......#.######.####.#
.... ........K.##...#
.. .#..
.####...#{@@...# ..
#.# #.#.####.#..(....
#.# #..#..###.#######.
#.##.#
#.###.##.......#
#.##.# #.#
#.........##
#.##.##..# #>.).....##
##.##.#>. #.......[#
#..##... ##.......##
..###.# #........#


You could see Jessica and a kobold.

Vanquished Creatures
  2 adders (D:2)
  2 giant geckos (D:1)
  5 bats
  3 giant cockroaches (D:1)
  4 goblins
  6 hobgoblins (D:1)
  6 jackals (D:1)
  6 kobolds
  2 ball pythons (D:1)
  7 rats (D:1)
43 creatures vanquished.

Vanquished Creatures (others)
  A plant (D:1)
1 creature vanquished.

Grand Total: 44 creatures vanquished

Notes
Turn   | Place    | Note
--------------------------------------------------------------
     0 | D:1      | Goblin1989 the Gargoyle Gladiator began the quest for the Orb.
     0 | D:1      | Reached XP level 1. HP: 12/12 MP: 1/1
   297 | D:1      | Reached XP level 2. HP: 12/17 MP: 2/2
   527 | D:1      | Reached skill level 4 in Maces & Flails
   549 | D:1      | Reached XP level 3. HP: 21/21 MP: 3/3
  1383 | D:2      | Found a burning altar of Makhleb.
  1392 | D:2      | Noticed Sigmund
  1395 | D:2      | Noticed Jessica
  1395 | D:2      | Became a worshipper of Makhleb the Destroyer
  1411 | D:2      | Reached XP level 4. HP: 26/26 MP: 4/4
  1418 | D:2      | HP: 1/26 [something (10)]
  1427 | D:2      | HP: 1/26 [something (10)]
  1430 | D:2      | Mangled by Sigmund

Vault maps used:
D:1:      dpeg_arrival_ratfight, serial_forest, infiniplex_forest_lined_4_way,
          infiniplex_forest_clump_long, infiniplex_forest_lined_3,
          infiniplex_forest_clump_small, infiniplex_forest_split,
          infiniplex_forest_clump_curved, infiniplex_forest_straight_4,
          roderic_digamma_sauvastika, minivault_27
D:2:      bloody_makhleb, uniq_jessica, uniq_sigmund

Action                   |  1- 3 |  4- 6 || total
-------------------------+-------+-------++-------
Melee: Flail             |   211 |    13 ||   224
  Use: Potion            |     1 |     2 ||     3
  Eat: Chunk             |     2 |       ||     2
